AoeStats
← DJANGO

Arena

510457853Analyzed
1v1 RM · 18h ago on Oct 1, 2026· 44m 44s· 2 players
Game mode
Random Map
Map size
Tiny (2 player)
Population
200
Speed
Normal
Resources
Standard
Victory
Conquest
Starting age
Dark Age
Ending age
Imperial Age
RankedLock teamsTeams togetherTeam positionsShared explorationLock speedFull tech treeHidden civsTurbo modeCheats
Victory
Defeat
🇵🇪 Britons · Peru
844
+14
🇺🇸 Persians · United States
799
-14
jgreen48
5:29 Loom
10:37 Feudal Age
11:16 Double-Bit Axe
14:03 Town Watch
16:58 Castle Age
15:07 Horse Collar
19:01 Padded Archer Armor
18:56 Fletching
27:03 Elite Skirmisher
28:48 Wheelbarrow
28:28 Bow Saw
29:23 Bloodlines
29:31 Heavy Plow
31:35 Scale Barding Armor
31:41 Forging
32:47 Hand Cart
32:51 Town Patrol
33:51 Thumb Ring
37:24 Imperial Age
35:21 Chain Barding Armor
35:36 Iron Casting
38:33 Plate Barding Armor
38:33 Iron Casting
38:20 Cavalier
39:02 Husbandry
40:36 Savar
41:36 Fletching
42:01 Leather Archer Armor
DJANGO
11:16 Feudal Age
11:42 Double-Bit Axe
11:40 Horse Collar
12:56 Wheelbarrow
13:01 Gold Mining
13:54 Stone Mining
19:14 Castle Age
17:06 Man-at-Arms
18:33 Scale Mail Armor
18:37 Padded Archer Armor
20:31 Gold Shaft Mining
20:19 Heavy Plow
21:56 Bow Saw
21:39 Town Watch
23:28 Hand Cart
23:07 Fletching
23:17 Pikeman
23:59 Squires
25:20 Loom
32:06 Imperial Age
30:39 Leather Archer Armor
30:20 Bodkin Arrow
32:24 Forging
32:33 Chain Mail Armor
32:44 Town Patrol
33:13 Ballistics
33:56 Chemistry
33:21 Conscription
34:12 Iron Casting
35:06 Bracer
36:08 Blast Furnace
35:58 Ring Archer Armor
35:57 Yeomen
36:32 Hoardings
36:00 Arrowslits
36:16 Elite Longbowman
37:06 Halberdier
40:13 Plate Mail Armor
39:48 Scale Barding Armor
40:38 Arson
45:11 Warwolf
Connection lost

Rejoining the realm…

Still unreachable

The connection could not be restored.

Session expired

The server has moved on; the page needs a fresh start.